 Dungeon Crawl Stone Soup version 0.23.2-1-ga50397a6bc (webtiles) character file.

Game seed: 14849645146420470682

56801 Mrkan the Brawler (level 14, -9/131 HPs)
             Began as a Troll Monk on May 20, 2019.
             Was the Champion of Ru.
             Mangled by a wraith (13 damage)
             ... on level 12 of the Dungeon.
             The game lasted 00:52:50 (19806 turns).

Mrkan the Brawler (Troll Monk)                     Turns: 19806, Time: 00:52:50

Health: -9/131     AC: 12    Str: 23    XL:     14   Next: 43%
Magic:  7/13       EV: 14    Int:  9    God:    Ru [******]
Gold:   2146       SH:  4    Dex: 12    Spells: 13/13 levels left

rFire    + . .     SeeInvis +     - Unarmed
rCold    + + +     Gourm    +   (shield unavailable)
rNeg     . . .     Faith    .   G - +4 skin of Zhor {Hibernate rC+++ SInv}
rPois    .         Spirit   .   o - +2 hat
rElec    .         Reflect  +   (no cloak)
rCorr    .         Harm     .   (gloves unavailable)
MR       +....                  (boots unavailable)
Stlth    +.........             k - +4 amulet of reflection
HPRegen  0.71/turn              (ring unavailable)
MPRegen  0.13/turn              l - ring of protection from fire

@: lethally poisoned (-9 -> -23), exhausted, heavily drained
A: large, unfitting armour, claws 3, fast metabolism 3, frail 1, gourmand,
regeneration 1, shaggy fur 1, tough skin 3, missing a hand, inexperienced 1
a: Draw Out Power, Power Leap, Apocalypse, Renounce Religion


You were on level 12 of the Dungeon.
You worshipped Ru.
Ru was exalted by your worship.
You were very full.

You visited 3 branches of the dungeon, and saw 20 of its levels.
You also visited: Sewer.

You collected 2146 gold pieces.

Inventory:

Hand Weapons
 E - a +1 morningstar of holy wrath
 N - a +4 scimitar of flaming
 R - a +3 demon trident of venom
Missiles
 S - 7 javelins of penetration (quivered)
Armour
 o - a +2 hat (worn)
 G - the +4 skin of Zhor (worn) {Hibernate rC+++ SInv}
   (You found it on level 7 of the Dungeon)

   It renders you almost immune to cold.
   It lets you see invisible.
Jewellery
 k - a +4 amulet of reflection (around neck)
 l - a ring of protection from fire (right claw)
 m - a cursed ring of teleportation {unknown}
 p - a cursed ring of attention {unknown}
 t - an uncursed ring of ice
 v - an uncursed amulet of guardian spirit {unknown}
 y - an uncursed ring of wizardry {unknown}
 P - a cursed -2 ring of protection {unknown}
 Q - the ring "Gucapn" {Dex+4 SInv}
   (You found it on level 4 of the Lair of Beasts)

   [ring of see invisible]

   It affects your dexterity (+4).
   It lets you see invisible.
 T - an uncursed amulet of the acrobat {unknown}
 Z - an uncursed ring of flight {unknown}
Wands
 n - a wand of enslavement (17)
 r - a wand of iceblast (33)
 J - a wand of flame (46)
 M - a wand of disintegration (17)
 U - a wand of polymorph (12)
 X - a wand of paralysis (7)
Scrolls
 a - a scroll of amnesia
 c - a scroll of torment {unknown}
 d - 6 scrolls of blinking
 f - 5 scrolls of fog
 h - 2 scrolls of random uselessness
 i - 15 scrolls of teleportation
 q - 9 scrolls of remove curse
 B - 4 scrolls of fear
 V - a scroll of magic mapping {unknown}
 W - a scroll of enchant armour
Potions
 e - 2 potions of heal wounds {unknown}
 g - 4 potions of agility
 s - 3 potions of flight
 u - 5 potions of curing {unknown}
 w - 3 potions of resistance {unknown}
 x - 3 potions of brilliance
 A - 4 potions of haste
 C - 3 potions of might
 F - a potion of lignification {unknown}
 I - 2 potions of mutation
 K - a potion of berserk rage {unknown}
 L - a potion of invisibility {unknown}
 O - 3 potions of ambrosia
Comestibles
 b - 17 rations
 j - a chunk of flesh


   Skills:
 + Level 11.3(9.9) Fighting
 + Level 10.8(9.4) Dodging
 - Level 1.0(0.0) Stealth
 * Level 17.6(15.9) Unarmed Combat


You had 13 spell levels left.
You didn't know any spells.
Your spell library contained the following spells:

 Spells                   Type           Power        Failure   Level  Hunger
 Apportation              Tloc           #.....       38%         1    ##.....
 Confusing Touch          Hex            #.....       38%         1    ##.....
 Corona                   Hex            #......      38%         1    ##.....
 Magic Dart               Conj           #...         38%         1    ##.....
 Sting                    Conj/Pois      #...         38%         1    ##.....
 Summon Butterflies       Summ           #.......     38%         1    ##.....
 Blink                    Tloc           N/A          52%         2    ###....
 Call Imp                 Summ           #.......     52%         2    ###....
 Passwall                 Tmut/Erth      #.......     52%         2    ###....
 Poisonous Vapours        Pois/Air       #.....       52%         2    ###....
 Shroud of Golubria       Chrm/Tloc      #.........   52%         2    ###....
 Slow                     Hex            #.......     52%         2    ###....
 Sublimation of Blood     Necr           #.........   52%         2    ###....
 Swiftness                Chrm/Air       #.......     52%         2    ###....
 Confuse                  Hex            #.......     77%         3    ####...
 Conjure Flame            Conj/Fire      #.......     77%         3    ####...
 Gell's Gravitas          Tloc           #.........   77%         3    ####...
 Ignite Poison            Fire/Tmut/Pois #.......     77%         3    ####...
 Inner Flame              Hex/Fire       #.......     77%         3    ####...
 Lesser Beckoning         Tloc           #.........   77%         3    ####...
 Mephitic Cloud           Conj/Pois/Air  #.......     77%         3    ####...
 Portal Projectile        Hex/Tloc       #.....       77%         3    ####...
 Tukima's Dance           Hex            #.......     77%         3    ####...
 Cause Fear               Hex            #.........   99%         4    #####..
 Leda's Liquefaction      Hex/Erth       #.........   99%         4    #####..
 Olgreb's Toxic Radiance  Pois           #.......     99%         4    #####..
 Passage of Golubria      Tloc           N/A          99%         4    #####..
 Petrify                  Tmut/Erth      #.......     99%         4    #####..
 Alistair's Intoxication  Tmut/Pois      #.......     100%        5    ######.
 Bolt of Magma            Conj/Fire/Erth #.........   100%        5    ######.
 Borgnjor's Vile Clutch   Necr/Erth      #.........   100%        5    ######.
 Irradiate                Conj/Tmut      #.........   100%        5    ######.
 Iskenderun's Battlesphe  Conj/Chrm      #.......     100%        5    ######.
 Lee's Rapid Deconstruct  Erth           #.........   100%        5    ######.
 Metabolic Englaciation   Hex/Ice        #.........   100%        5    ######.
 Venom Bolt               Conj/Pois      #.........   100%        5    ######.
 Yara's Violent Unravell  Hex/Tmut       #.........   100%        5    ######.
 Darkness                 Hex            #.........   100%        6    #######
 Death Channel            Necr           #.........   100%        6    #######
 Freezing Cloud           Conj/Ice/Air   #.........   100%        6    #######
 Invisibility             Hex            #.......     100%        6    #######
 Iron Shot                Conj/Erth      #.........   100%        6    #######
 Orb of Destruction       Conj           #.........   100%        7    #######
 Spellforged Servitor     Conj/Summ      #.........   100%        7    #######
 Tornado                  Air            #.........   100%        9    #######


Dungeon Overview and Level Annotations

Branches:
Dungeon (12/15)            Temple (0/1) D:4            Lair (6/6) D:10
 Shoals (0/4) Lair:3        Snake (0/4) Lair:2        Slime (0/5) Lair:5
    Orc (2/2) D:10            Elf (0/3) Orc:2

Altars:
Ashenzari
Dithmenos
Fedhas
Hepliaklqana
Nemelex Xobeh
Ru
Sif Muna
Trog
Uskayaw
Wu Jian
Xom
Yredelemnul
Zin
The Shining One
Beogh
Jiyva

Shops:
D:4 =   D:6 =   D:11 =   Orc:1 [   Orc:2 [[*%

Annotations:
D:12 Nessos
Lair:3 exclusion: oklob plant


Innate Abilities, Weirdness & Mutations

You are too large for most types of armour.
You have claws for hands.
Your metabolism is lightning-fast.
You are frail. (-10% HP)
You like to eat raw meat.
Your natural rate of healing is unusually fast.
You are covered in fur. (AC +1)
You have extremely tough skin. (AC +3)
You are missing a hand.
You are somewhat inexperienced. (-2 XL)


Message History

You barely miss Nessos.
Nessos is moderately wounded.
You feel sick.
Nessos is stunned by your will and fails to attack.
The wraith barely misses you. You block the yak's attack.
You feel very sick.
The yak is no longer moving slowly.
Nessos blinks!
Nessos is stunned by your will and fails to attack.
The yak gores you!
* * * LOW HITPOINT WARNING * * *
You're too exhausted to power leap.
You mangle the yak!!
You kill the yak!
* * * LOW HITPOINT WARNING * * *
You feel sick.
Nessos wields a +3 longbow of flaming.
It bursts into flame!
Nessos shoots an arrow.
The arrow hits you!
* * * LOW HITPOINT WARNING * * *
The deep elf mage begins to cast a spell, but is stunned by your will!
The wraith hits you!
You die...

.................
>.............†......##
........†$.†..# ....###
.....<.<)..††###....###
......<.....*.#.....###
........((..e....c...##
.......................
#.............§........
##..........†Y†@.......
#.....?......JW........
........#..............
......###.............
..... #..............
... ................
.........###.....
........#####....
........#####...


You could see Nessos, a slime creature, a deep elf mage, a yak, a wraith and a
battlesphere.

Vanquished Creatures
  Gastronok (D:9)
  An orc warlord (Orc:2)
  6 hydras
  Erica (D:11)
  A merfolk avatar (Lair:6)
  6 orc high priests
  Urug (Lair:2)
  Nergalle (D:10)
  A sea snake (Lair:6)
  2 wizards (D:11)
  A deep elf mage (D:11)
  6 orc knights
  3 slime creatures (D:11)
  2 manticores (Lair:6)
  A cyclops (Orc:1)
  5 orc sorcerers (Orc:2)
  2 centaur zombies
  Maurice (D:9)
  2 black mambas
  A merfolk siren (Lair:3)
  9 elephants
  3 spiny frogs
  5 rime drakes
  A centaur skeleton (D:12)
  3 komodo dragons
  3 trolls
  3 hornets (Lair:6)
  12 dream sheep
  16 blink frogs
  2 polar bears (Lair:6)
  6 hippogriffs
  33 yaks
  4 wyverns
  2 basilisks (Lair:2)
  A hungry ghost (D:10)
  3 vampire mosquitoes (Lair:4)
  5 wargs
  2 insubstantial wisps (Lair:4)
  11 porcupines
  26 water moccasins
  45 orc warriors
  2 sky beasts
  3 black bears
  A phantom (D:5)
  12 ogres
  7 centaurs
  12 crocodiles
  A big kobold (D:8)
  17 bullfrogs
  5 scorpions
  2 electric eels
  3 howler monkeys (D:7)
  A crimson imp (D:8)
  A bullfrog zombie (D:11)
  2 jellies
  Crazy Yiuf (D:6)
  A bullfrog skeleton (D:5)
  8 hounds
  18 orc wizards
  26 orc priests
  An iguana (D:9)
  6 worker ants
  A killer bee zombie (D:7)
  3 hound zombies
  A mummy (D:4)
  2 worker ant zombies
  16 adders
  An adder zombie (D:5)
  3 worms
  2 dart slugs (D:2)
  7 leopard geckos
  99 orcs
  6 giant cockroaches
  7 goblins
  7 hobgoblins
  19 jackals
  4 quokkas
  7 ball pythons
  10 bats
  6 frilled lizards
  20 kobolds
  3 kobold zombies (D:4)
  An orc zombie (D:4)
  2 rats
  A fungus (Lair:4)
  10 plants
608 creatures vanquished.

Vanquished Creatures (others)
  A two-headed ogre (Orc:2)
  A wizard (D:11)
  An orc priest (Orc:2)
  A worker ant (D:11)
  4 orcs
  A jackal (D:5)
  A frilled lizard (D:3)
  14 fungi
  25 plants
49 creatures vanquished.

Grand Total: 657 creatures vanquished

Notes
Turn   | Place    | Note
-------+----------+-------------------------------------------
     0 | D:1      | Mrkan the Troll Monk began the quest for the Orb.
     0 | D:1      | Reached XP level 1. HP: 22/22 MP: 0/0
   116 | D:1      | Reached XP level 2. HP: 26/29 MP: 1/1
  1050 | D:2      | Found a glowing silver altar of Zin.
  1063 | D:2      | Reached skill level 4 in Unarmed Combat
  1063 | D:2      | Reached XP level 3. HP: 33/36 MP: 2/2
  1125 | D:2      | Reached XP level 4. HP: 21/45 MP: 3/3
  1793 | D:3      | Reached skill level 5 in Unarmed Combat
  1820 | D:3      | Reached XP level 5. HP: 41/53 MP: 4/4
  1834 | D:3      | Found a sacrificial altar of Ru.
  1877 | D:3      | Became a worshipper of Ru the Awakened
  1889 | D:3      | Gained mutation: You are missing a hand. [Ru sacrifice]
  1889 | D:3      | Reached * piety under Ru
  1889 | D:3      | Reached ** piety under Ru
  1889 | D:3      | Reached *** piety under Ru
  2553 | D:4      | Noticed an ogre
  2560 | D:4      | Killed an ogre
  2653 | D:4      | Found a staircase to the Ecumenical Temple.
  2678 | D:4      | Found a hazy altar of Hepliaklqana.
  2679 | D:4      | Found a shimmering altar of Xom.
  2679 | D:4      | Noticed a hungry ghost
  2680 | D:4      | Noticed a hungry ghost
  2680 | D:4      | Noticed a spectral ugly thing
  2704 | D:4      | Found Icziq's Jewellery Emporium.
  2784 | D:4      | Reached XP level 6. HP: 47/62 MP: 5/5
  2824 | D:4      | Reached skill level 6 in Unarmed Combat
  3269 | D:5      | Entered Level 5 of the Dungeon
  3362 | D:5      | Reached XP level 7. HP: 70/70 MP: 6/6
  3393 | D:5      | Reached skill level 7 in Unarmed Combat
  3571 | D:5      | Found a glowing golden altar of the Shining One.
  3580 | D:5      | Found a basalt altar of Yredelemnul.
  3866 | D:5      | Gained mutation: You are frail. (-10% HP) [Ru sacrifice]
  3866 | D:5      | Reached **** piety under Ru
  4078 | D:6      | Reached XP level 8. HP: 57/71 MP: 7/7
  4208 | D:6      | Found a glowing drain.
  4224 | Sewer    | Entered a sewer
  4991 | D:6      | Reached skill level 8 in Unarmed Combat
  5013 | D:6      | Reached skill level 5 in Fighting
  5079 | D:6      | Found Emmyemiy's Jewellery Emporium.
  5356 | D:6      | Found a shimmering altar of Xom.
  5358 | D:6      | Found a hide-covered altar of Uskayaw.
  5358 | D:6      | Found a basalt altar of Yredelemnul.
  5360 | D:6      | Found a shimmering altar of Xom.
  5360 | D:6      | Found a basalt altar of Yredelemnul.
  5360 | D:6      | Found a sparkling altar of Nemelex Xobeh.
  5495 | D:6      | Found a runed translucent door.
  5496 | D:6      | Noticed Crazy Yiuf
  5505 | D:6      | Killed Crazy Yiuf
  5640 | D:7      | Noticed a hippogriff
  5688 | D:6      | Killed a hippogriff
  5806 | D:7      | Reached skill level 9 in Unarmed Combat
  5924 | D:7      | Gained mutation: You are somewhat inexperienced. (-2 XL)
                  | [Ru sacrifice]
  5924 | D:7      | Reached XP level 7. HP: 64/64 MP: 6/6
  5924 | D:7      | Reached XP level 6. HP: 59/59 MP: 5/5
  5924 | D:7      | Reached ***** piety under Ru
  5924 | D:7      | Reached ****** piety under Ru
  5925 | D:7      | Found a glowing golden altar of the Shining One.
  5935 | D:7      | Reached XP level 7. HP: 52/64 MP: 6/6
  6043 | D:7      | Found a bloodstained altar of Trog.
  6111 | D:7      | Found the +4 skin of Zhor {Hibernate rC+++ SInv}
  6255 | D:7      | Found a shattered altar of Ashenzari.
  6612 | D:8      | Reached XP level 8. HP: 74/74 MP: 7/7
  6886 | D:8      | Found a shadowy altar of Dithmenos.
  6972 | D:8      | Reached skill level 10 in Unarmed Combat
  7110 | D:8      | Reached skill level 5 in Dodging
  7537 | D:9      | Noticed Maurice
  7589 | D:9      | Killed Maurice
  7597 | D:9      | Noticed a hippogriff
  7617 | D:9      | Reached XP level 9. HP: 64/82 MP: 8/8
  7643 | D:9      | Reached skill level 11 in Unarmed Combat
  7716 | D:9      | Found an ornate altar of the Wu Jian Council.
  7806 | D:9      | Noticed Gastronok
  7834 | D:9      | Killed Gastronok
  7834 | D:9      | Reached skill level 12 in Unarmed Combat
  7834 | D:9      | Reached XP level 10. HP: 42/91 MP: 9/9
  7952 | D:9      | Found a deep blue altar of Sif Muna.
  8352 | D:9      | Found a blossoming altar of Fedhas.
  8465 | D:10     | Entered Level 10 of the Dungeon
  8471 | D:10     | Found a staircase to the Lair.
  8679 | D:10     | Found a staircase to the Orcish Mines.
  8797 | D:10     | Noticed Nergalle
  8810 | D:10     | Killed Nergalle
  9099 | D:11     | Noticed a wizard
  9106 | D:11     | Noticed a wizard
  9110 | D:11     | Killed a wizard
  9110 | D:11     | Reached XP level 11. HP: 92/99 MP: 10/10
  9121 | D:11     | Killed a wizard
  9125 | D:11     | Reached skill level 13 in Unarmed Combat
  9281 | D:11     | Found Wol Geg's Jewellery Boutique.
  9516 | D:11     | Noticed a wizard
  9522 | D:11     | Killed a wizard
  9608 | D:11     | Noticed a deep elf mage
  9616 | D:11     | Killed a deep elf mage
  9625 | D:11     | Identified Alyuri Veots's Compendium of Combed Thunderclap
  9654 | D:11     | Identified the Volume of Dhcmrlchtdj
  9663 | D:11     | Identified the Grimoire of Axaxaxas mlö
  9711 | D:11     | Noticed a four-headed hydra
  9722 | D:11     | Killed a nine-headed hydra
  9737 | D:11     | Noticed Erica
  9749 | D:11     | Killed Erica
  9979 | Lair:1   | Entered Level 1 of the Lair of Beasts
 10097 | Lair:1   | You fall through a shaft!
 11112 | Lair:2   | Reached skill level 14 in Unarmed Combat
 11161 | Lair:2   | Noticed Urug
 11172 | Lair:2   | Killed Urug
 11297 | Lair:2   | Found a staircase to the Snake Pit.
 11367 | Lair:2   | Reached XP level 12. HP: 110/110 MP: 11/11
 12089 | Lair:3   | Noticed a four-headed hydra
 12095 | Lair:3   | Killed a six-headed hydra
 12100 | Lair:3   | Noticed a four-headed hydra
 12110 | Lair:3   | Killed a one-headed hydra
 12316 | Lair:3   | Noticed a four-headed hydra
 12327 | Lair:3   | Killed a one-headed hydra
 12327 | Lair:3   | Reached skill level 15 in Unarmed Combat
 12484 | Lair:3   | Found a staircase to the Shoals.
 12991 | Lair:4   | Got a bound pewter ring
 12992 | Lair:4   | Identified the ring "Gucapn" {Dex+4 SInv} (You found it on
                  | level 4 of the Lair of Beasts)
 13505 | Lair:4   | Noticed a six-headed hydra
 13518 | Lair:4   | Killed a one-headed hydra
 13791 | Lair:5   | Reached skill level 10 in Fighting
 13872 | Lair:5   | Found a staircase to the Slime Pits.
 13872 | Lair:5   | Found a viscous altar of Jiyva.
 13998 | Lair:5   | Reached XP level 13. HP: 109/119 MP: 12/12
 14462 | Lair:6   | Entered Level 6 of the Lair of Beasts
 14696 | Lair:6   | Reached skill level 16 in Unarmed Combat
 15080 | Lair:6   | Reached skill level 10 in Dodging
 15778 | Orc:1    | Entered Level 1 of the Orcish Mines
 15805 | Orc:1    | Found a roughly hewn altar of Beogh.
 15870 | Orc:2    | Entered Level 2 of the Orcish Mines
 16136 | Orc:1    | Found Sun Avesh's Antique Armour Emporium.
 16640 | Orc:2    | Noticed an orc warlord
 16667 | Orc:2    | Killed an orc warlord
 16952 | Orc:2    | Found a roughly hewn altar of Beogh.
 17022 | Orc:2    | Found Voddeutu's Armour Emporium.
 17031 | Orc:2    | Reached XP level 14. HP: 105/129 MP: 13/13
 17036 | Orc:2    | Reached skill level 17 in Unarmed Combat
 17072 | Orc:2    | Found Isexzat's Antique Armour Boutique.
 17464 | Orc:2    | Found a staircase to the Elven Halls.
 18671 | Orc:2    | Found a roughly hewn altar of Beogh.
 18768 | Orc:2    | Found Guv Fatt's Food Emporium.
 18791 | Orc:2    | Found Ofooqen's Assorted Antiques.
 18835 | Orc:2    | Paralysed by an orc sorcerer for 4 turns
 19790 | D:12     | Noticed Nessos
 19806 | D:12     | HP: 4/131 [Nessos/arrow (7)]
 19806 | D:12     | Mangled by a wraith

Skill      XL: |  1  2  3  4  5  6  7  8  9 10 11 12 13 14 |
---------------+-------------------------------------------+-----
Unarmed Combat | 4 5 6 7 10 12 14 15 16 17 | 17.6
Fighting       | 3 4 6 7 8 9 10 11 | 11.3
Dodging        | 3 5 6 7 8 9 10 | 10.8
Stealth        | |  1.0

Action                   |  1- 3 |  4- 6 |  7- 9 | 10-12 | 13-15 || total
-------------------------+-------+-------+-------+-------+-------++-------
Melee: Unarmed           |    79 |   217 |   434 |   445 |   636 ||  1811
       Scimitar          |       |       |       |    49 |       ||    49
Invok: Sacrifice a Hand  |       |     1 |       |       |       ||     1
       Sacrifice Experie |       |     1 |       |       |       ||     1
       Sacrifice Health  |       |       |     1 |       |       ||     1
       Power Leap        |       |       |     1 |       |       ||     1
       Draw Out Power    |       |       |     2 |       |       ||     2
       Apocalypse        |       |       |       |     5 |     6 ||    11
  Use: Scroll            |       |       |    14 |     5 |     5 ||    24
       Potion            |       |       |       |       |     3 ||     3
 Stab: Sleeping          |     2 |     3 |     2 |     1 |       ||     8
       Paralysed         |       |       |     3 |    11 |    13 ||    27
       Invisible         |       |       |     1 |     5 |     2 ||     8
       Distracted        |       |       |     1 |     3 |     2 ||     6
  Eat: Chunk             |     4 |    12 |    26 |    64 |    37 ||   143
       Ration            |     2 |     2 |     4 |     2 |     4 ||    14
Armor: Robe              |    32 |    72 |    75 |       |       ||   179
       Animal skin       |       |       |    57 |    96 |   113 ||   266
Dodge: Dodged            |    48 |   125 |   201 |   181 |   240 ||   795
Block: Other             |       |       |       |    37 |    71 ||   108
       Reflection        |       |       |       |     1 |     4 ||     5
       Rpst.: Scimitar   |       |       |       |    10 |       ||    10
